 Dungeon Crawl Stone Soup version 0.29-a0-275-g389c0b56f3 (webtiles) character file.

Game seed: 1255854310037172636

99 jmlagarto the Covered (level 4, -1/41 HPs)
             Began as a Minotaur Fighter on Mar 11, 2022.
             Was a Believer of Dithmenos.
             Slain by Sigmund
             ... wielding a +0 scythe of flaming
              (10 damage)
             ... on level 3 of the Dungeon.
             The game lasted 00:02:50 (1985 turns).

jmlagarto the Covered (Minotaur Fighter)            Turns: 1985, Time: 00:02:50

Health: -1/41      AC:  7    Str: 22    XL:     4   Next: 45%
Magic:  3/3        EV:  9    Int:  5    God:    Dithmenos [**....]
Gold:   102        SH:  4    Dex: 10    Spells: 3/3 levels left

rFire   . . .      SeeInvis .   a - +0 long sword
rCold   . . .      Faith    .   c - +0 buckler
rNeg    . . .      Spirit   .   b - +0 scale mail
rPois   .          Reflect  .   (helmet restricted)
rElec   .          Harm     .   (no cloak)
rCorr   .          Rampage  .   (no gloves)
Will    .....                   (no boots)
Stlth   ..........              (no amulet)
HPRegen 0.13/turn               (no ring)
MPRegen 0.08/turn               (no ring)

@: wreathed by umbra
A: horns 2, retaliatory headbutt
a: Renounce Religion, Shadow Step


You were on level 3 of the Dungeon.
You worshipped Dithmenos.
Dithmenos was pleased with you.
You visited 1 branch of the dungeon, and saw 3 of its levels.

You collected 102 gold pieces.

Inventory:

Hand Weapons
 a - a +0 long sword (weapon)
Missiles
 h - 6 poisoned darts (quivered)
Armour
 b - a +0 scale mail (worn)
 c - a +0 buckler (worn)
Jewellery
 r - an amulet of magic regeneration
Scrolls
 j - a scroll of holy word {unknown}
 l - a scroll of vulnerability {unknown}
 m - a scroll of acquirement {unknown}
 n - 2 scrolls of identify {unknown}
 o - a scroll of teleportation {unknown}
 s - a scroll of magic mapping {unknown}
Potions
 d - 2 potions of might
 e - 2 potions of heal wounds {unknown}
 f - a potion of curing {unknown}
 g - a potion of magic {unknown}
 i - 2 potions of flight {unknown}
 k - a potion of mutation {unknown}
 p - a potion of brilliance {unknown}
 q - a potion of invisibility {unknown}


   Skills:
 + Level 4.3 Fighting
 + Level 3.4 Long Blades
 + Level 4.8 Armour
 + Level 0.3 Dodging
 + Level 4.1 Shields


You had 3 spell levels left.
You didn't know any spells.
Your spell library contained the following spells:

 Spells                   Type           Power      Damage    Failure   Level
 Olgreb's Toxic Radiance  Pois           0%         N/A       100%        4
 Ozocubu's Refrigeration  Ice            0%         4d5       100%        7
 Ignition                 Fire           0%         3d3       100%        8


Dungeon Overview and Level Annotations

Branches:
Dungeon (3/15)

Altars:
Dithmenos

Annotations:
D:3 Sigmund


Innate Abilities, Weirdness & Mutations

You have a pair of horns on your head.
You reflexively headbutt those who attack you in melee.


Message History

The ball python barely misses you.
You barely miss the ball python. The ball python barely misses you.
The ball python grabs you. The ball python constricts you.
You barely miss the ball python. Your headbutt misses the ball python.
The ball python barely misses you. The ball python constricts you.
The ball python barely misses you. The ball python constricts you.
You slash the ball python!
You kill the ball python!
Dithmenos accepts your kill.
A frilled lizard comes into view.
You see here a ball python corpse.
A frilled lizard is nearby!
You block the frilled lizard's attack.
You closely miss the frilled lizard.
Your headbutt misses the frilled lizard.
You block the frilled lizard's attack. The frilled lizard bites you.
You barely miss the frilled lizard. You headbutt the frilled lizard.
You kill the frilled lizard!
Dithmenos accepts your kill.
You see here a frilled lizard corpse.
You see here a ball python corpse.
s - a scroll labelled DUAHES ALUT Sigmund the Dreaded comes into view.
He is wielding a +0 scythe of flaming.
Sigmund casts a spell.
Sigmund flickers and vanishes!
Deactivating autopickup; reactivate with Ctrl-A.
There is a strange disturbance nearby!
Something tries to affect you, but you resist.
Found a stone staircase leading up.
Something hits you. Something burns you.
You completely miss something. Your headbutt misses something.
Something hits you. Something burns you.
You hit something. Something hits you but does no damage.
You miss something. You closely miss something. Something hits you!
Something burns you.
You barely miss something. Something hits you!
* * * LOW HITPOINT WARNING * * *
Something burns you.
* * * LOW HITPOINT WARNING * * *
You miss something. Something hits you!
You die...

#....†...#
#.####...# #.#
#.#.# #.# #.#.#
#.# #†#<# #.#
#.#.# #.# #.#.#
####.####...###
#.........@...#
#.##....#..##.#
# ####.#..#
#......
###..##. ...#
.. ##.# # ...
#.


There were no monsters in sight!

Vanquished Creatures
  4 adders
  A worm (D:2)
  8 ball pythons
  5 endoplasms
  8 goblins
  5 hobgoblins
  3 jackals (D:2)
  4 kobolds (D:1)
  2 quokkas
  9 bats
  6 frilled lizards
  2 rats
57 creatures vanquished.

Notes
Turn   | Place    | Note
-------+----------+-------------------------------------------
     0 | D:1      | jmlagarto the Minotaur Fighter began the quest for the Orb.
     0 | D:1      | Reached XP level 1. HP: 19/19 MP: 0/0
   242 | D:1      | Found a faded altar of an unknown god.
   247 | D:1      | Reached XP level 2. HP: 27/27 MP: 1/1
   273 | D:1      | Prayed at the altar of an unknown god.
   273 | D:1      | Became a worshipper of Dithmenos the Shadowed
   273 | D:1      | Reached * piety under Dithmenos
   700 | D:1      | Reached XP level 3. HP: 30/33 MP: 2/2
  1382 | D:2      | Reached XP level 4. HP: 38/40 MP: 3/3
  1387 | D:2      | Reached ** piety under Dithmenos
  1975 | D:3      | Noticed Sigmund
  1985 | D:3      | Slain by Sigmund

Illustrated notes

Levels and vault maps discovered:
D:1:      amcnicky_arrival_flooded_fountain, layout_basic,
          basic_ecumenical_altar, minmay_pentomino_r2
D:2:      layout_basic
D:3:      layout_loops_ring, bloody_trog, kennysheep_generic_room_10,
          uniq_sigmund

Skill      XL: |  1  2  3 |
---------------+----------+-----
Armour         | 4 |  4.8
Fighting       | 4 |  4.3
Shields        | 4 |  4.1
Long Blades    | 3 |  3.4
Dodging        | |  0.3

Action                   |  1- 3 |  4- 6 || total
-------------------------+-------+-------++-------
Melee: Long sword        |    78 |    39 ||   117
       Headbutt          |    12 |     5 ||    17
Armor: Scale mail        |    37 |    22 ||    59
Dodge: Dodged            |    45 |    26 ||    71
Block: Buckler           |    12 |    11 ||    23

Table legend: (Time is in decaauts)
 A = Elapsed time spent in this place.
 B = Non-inter-level travel time spent in this place.
 C = Inter-level travel time spent in this place.
 D = Time resting spent in this place.
 E = Time spent auto-exploring this place.
 F = Levels seen in this place.
 G = Mean time per level.
                   A        B        C        D        E       F      G
               +--------+--------+--------+--------+--------+-----+--------+
         Total |   2018 |   1993 |     25 |      0 |   1607 |   3 |  672.7 |
       Dungeon |   2018 |   1993 |     25 |      0 |   1607 |   3 |  672.7 |
               +--------+--------+--------+--------+--------+-----+--------+

Top non-repeatable levels by time:
     D:1: 996 daAuts
     D:2: 892 daAuts
     D:3: 130 daAuts
